 Dungeon Crawl Stone Soup version 0.18-a0-1435-gee79d65 (webtiles) character file.

100958 4thArraOfDagon the Shatterer (level 16, 0/167 HPs)
             Began as an Ogre Berserker on Feb 28, 2016.
             Was the Champion of Trog.
             Succumbed to a ghost moth's poison
             ... on level 2 of the Spider Nest.
             The game lasted 01:13:02 (13115 turns).

4thArraOfDagon the Shatterer (Ogre Berserker)      Turns: 13115, Time: 01:13:02

Health: 0/167      AC: 17    Str: 37 (38) XL:     16   Next: 29%
Magic:  1/19       EV: 10    Int:  7 (9)  God:    Trog [******]
Gold:   1210       SH:  0    Dex:  7 (9)  Spells: 0 memorised, 15 levels left

rFire  + + .     SeeInvis .     k - +5 giant club of Weasic {crush, Int+4}
rCold  + . .     Gourm    .     U - +1 fire dragon armour
rNeg   . . .     Faith    .     (shield currently unavailable)
rPois  +         Spirit   .     (helmet restricted)
rElec  +         Dismiss  .     i - +2 cloak of Supple Strength {*Contam rElec rC+ Regen+}
rCorr  .         Reflect  .     (gloves unavailable)
SustAt .         Harm     .     (boots unavailable)
MR     ++++.     Clarity  +     (no amulet)
Stlth  ..........               M - ring of the Will of the Gods {rPois rC+ MR+ Str+5}
                                N - +3 ring of strength

@: lethally poisoned (0 -> -8), exhausted, regenerating, slowed, very slow,
incredibly resistant to hostile enchantments, extremely unstealthy
A: unfitting armour, clarity, deterioration 1, tough skin 1, weak 1, MP-powered
wands
a: Berserk, Trog's Hand, Brothers in Arms, Burn Spellbooks, Renounce Religion


You were on level 2 of the Spider Nest.
You worshipped Trog.
Trog was exalted by your worship.
You were very hungry.

You visited 4 branches of the dungeon, and saw 27 of its levels.
You also visited: Labyrinth, Ice Cave and Volcano.

You collected 2123 gold pieces.
You spent 743 gold pieces at shops.

Inventory:

Hand Weapons
 a - a +4 antimagic giant club
 k - the +5 giant club of Weasic (weapon) {crush, Int+4}
   (You found it on level 8 of the Lair of Beasts)

   It inflicts extra damage upon your enemies.
   It affects your intelligence (+4).
Missiles
 v - 16 large rocks (quivered)
Armour
 i - the +2 cloak of Supple Strength (worn) {*Contam rElec rC+ Regen+}
   (You found it in a labyrinth)

   It protects you from cold.
   It insulates you from electricity.
   It causes magical contamination when unequipped.
   It increases your rate of regeneration.
 U - a +1 fire dragon armour (worn)
Magical Staves
 m - an uncursed staff of fire
Jewellery
 d - an uncursed ring of protection from fire
 j - a +2 ring of intelligence
 w - an uncursed ring of sustain attributes
 J - an uncursed ring of resist corrosion
 M - the ring of the Will of the Gods (right hand) {rPois rC+ MR+ Str+5}
   (You found it in a labyrinth)

   [ring of strength]

   It affects your strength (+5).
   It protects you from cold.
   It protects you from poison.
   It affects your resistance to hostile enchantments.
 N - a +3 ring of strength (left hand)
 V - an uncursed ring of protection from cold
Wands
 b - a wand of polymorph (9/24)
 g - a wand of slowing (32/48)
 n - a wand of enslavement (14/24)
 y - a wand of digging (2/24)
 z - a wand of polymorph (7/24)
 O - a wand of digging (11/24)
 R - a wand of paralysis (11/24)
 S - a wand of iceblast (7/15)
 T - a wand of random effects (14/48)
 Z - a wand of iceblast (11/15)
Scrolls
 h - 3 scrolls of blinking
 o - 2 scrolls of holy word
 t - 12 scrolls of remove curse
 E - 5 scrolls of teleportation
 G - 2 scrolls of noise
 X - 3 scrolls of fog
Potions
 e - 3 potions of brilliance
 f - a potion of lignification
 q - a potion of flight
 r - a potion of berserk rage
 s - a potion of haste
 u - 3 potions of magic
 x - a potion of agility
 A - 2 potions of might
 C - 2 potions of heal wounds
 F - 4 potions of resistance
 L - 5 potions of curing
Books
 l - a book of Conjurations

   Spells                             Type                      Level
   a - Magic Dart                     Conjuration                  1
   b - Searing Ray                    Conjuration                  2
   c - Dazzling Spray                 Conjuration/Hexes            3
   d - Fulminant Prism                Conjuration/Hexes            4
   e - Iskenderun's Mystic Blast      Conjuration                  4
   f - Iskenderun's Battlesphere      Conjuration/Charms           5
   Trog disapproves of the use of such an item.
 B - a book of the Earth

   Spells                             Type                      Level
   a - Leda's Liquefaction            Hexes/Earth                  4
   b - Bolt of Magma                  Conjuration/Fire/Earth       5
   c - Statue Form                    Transmutation/Earth          6
   d - Iron Shot                      Conjuration/Earth            6
   e - Shatter                        Earth                        9
   Trog disapproves of the use of such an item.
 D - an Akashic Record

   Spells                             Type                      Level
   a - Dispersal                      Translocation                6
   b - Malign Gateway                 Summoning/Translocation      7
   c - Disjunction                    Translocation                8
   d - Controlled Blink               Translocation                8
   Trog disapproves of the use of such an item.
 I - a book of Debilitation

   Spells                             Type                      Level
   a - Corona                         Hexes                        1
   b - Slow                           Hexes                        2
   c - Gell's Gravitas                Hexes/Translocation          3
   d - Inner Flame                    Hexes/Fire                   3
   e - Cause Fear                     Hexes                        4
   f - Leda's Liquefaction            Hexes/Earth                  4
   Trog disapproves of the use of such an item.
 P - a book of Maledictions

   Spells                             Type                      Level
   a - Corona                         Hexes                        1
   b - Ensorcelled Hibernation        Hexes/Ice                    2
   c - Confuse                        Hexes                        3
   d - Tukima's Dance                 Hexes                        3
   e - Dazzling Spray                 Conjuration/Hexes            3
   Trog disapproves of the use of such an item.
 Q - a book of Minor Magic

   Spells                             Type                      Level
   a - Magic Dart                     Conjuration                  1
   b - Blink                          Translocation                2
   c - Call Imp                       Summoning                    2
   d - Repel Missiles                 Charms/Air                   2
   e - Slow                           Hexes                        2
   f - Conjure Flame                  Conjuration/Fire             3
   g - Mephitic Cloud                 Conjuration/Poison/Air       3
   Trog disapproves of the use of such an item.
Miscellaneous
 Y - a fan of gales
Comestibles
 c - 7 bread rations
 p - 9 meat rations
 H - 21 fruits
 K - 7 chunks of flesh


   Skills:
 + Level 12.9 Fighting
 * Level 25.7 Maces & Flails
 + Level 11.0 Armour
 - Level 6.2 Dodging
 - Level 4.0 Evocations


You had 15 spell levels left.
You didn't know any spells.

Dungeon Overview and Level Annotations

Branches:
Dungeon (14/15)            Temple (0/1) D:4            Lair (8/8) D:11
 Spider (3/4) Lair:5        Slime (0/6) Lair:6          Orc (2/2) D:11
    Elf (0/3) Orc:2        Vaults (0/5) D:13
  Swamp: Lair:3-6    Shoals: Lair:3-6

Altars:
Ashenzari
Dithmenos
Okawaru
Pakellas
Xom
Zin
Beogh

Shops:
D:4 (   Orc:1 (   Orc:2 =(*[

Annotations:
D:8 Grum
D:9 Maurice
Spider:3 Arachne


Innate Abilities, Weirdness & Mutations

You are too large for most types of armour.
You have tough skin (AC +1).
You possess an exceptional clarity of mind.
Your body sometimes deteriorates upon taking damage.
You are weak. (Str -2)
You expend magic power (3 MP) to strengthen your wands.


Message History

Trog accepts your kill.
Reactivating autopickup.
You feel a bit more experienced.
* * * LOW HITPOINT WARNING * * *
You feel sick.
Unknown command.
Unknown command.
You are no longer berserk.
You are exhausted.
You feel yourself slow down.
You are feeling very hungry.
* * * LOW HITPOINT WARNING * * *
You feel sick.
You see here a ghost moth corpse.
Unknown command.
Unknown command.
Your skin crawls.
You feel resistant to hostile enchantments.
You feel slightly more hungry.
You die...

#.....##..###...<#
##....^##.##.>...#
#.......###
#....## #.......##
##....##
######...#
#....##. #...^#
###..#.. ###...#
#.....#
##.#...######.....
#@†##.>.#...##....
##......#..####...
##.....†...# ####
#####.....####
###.^.#..###
#.......#..
##.........
##...#....
###.#..#.


There were no monsters in sight!

Vanquished Creatures
  An orc warlord (Orc:2)
  A frost giant (IceCv)
  A ghost moth (Spider:2)
  An emperor scorpion (Spider:1)
  Azrael (D:13)
  Snorg (Lair:4)
  A fire dragon (D:14)
  8 hydras
  A minotaur (Lab)
  A centaur warrior (D:11)
  2 catoblepae
  A deep troll shaman (Lair:8)
  23 death yaks
  An orc high priest (Orc:2)
  Urug (Orc:2)
  Nergalle (Orc:2)
  An unseen horror (D:14)
  4 hill giants
  A lindwurm (Orc:2)
  3 orc knights
  3 orc sorcerers
  A deep elf mage (D:9)
  A griffon (Lair:8)
  4 wolf spiders
  4 ugly things
  2 cyclopes
  An ice statue (IceCv)
  20 elephants
  4 black mambas
  Joseph (D:9)
  A naga mage (IceCv)
  4 gargoyles (Lab)
  15 spiny frogs
  2 torpor snails
  4 rime drakes
  4 komodo dragons
  A komodo dragon (shapeshifter) (D:13)
  3 trolls
  2 two-headed ogres
  3 jumping spiders
  A troll (shapeshifter) (D:13)
  12 slime creatures
  A boulder beetle (Spider:2)
  20 polar bears
  17 blink frogs
  12 redbacks
  A vampire (D:13)
  3 tarantellas
  A wraith (D:13)
  Sigmund (D:4)
  2 wyverns
  2 fire elementals (D:13)
  A fire bat (Volcano)
  36 yaks
  A basilisk (Lair:8)
  10 hippogriffs
  2 hungry ghosts
  4 mottled dragons
  9 wargs
  31 wolves
  4 hell hounds
  12 water moccasins
  15 porcupines
  An ice beast (D:5)
  28 orc warriors
  3 sky beasts
  A necrophage (D:9)
  An eye of draining (shapeshifter) (D:13)
  A phantom (D:4)
  4 centaurs
  7 ogres
  7 crocodiles
  12 giant frogs
  A scorpion (D:11)
  3 killer bees
  A water moccasin skeleton (D:6)
  5 wights (D:11)
  5 howler monkeys
  2 crimson imps
  2 centaur skeletons
  A centaur zombie (D:12)
  11 jellies
  4 hounds
  14 orc priests
  18 orc wizards
  6 iguanas
  A hell rat (D:9)
  9 worker ants
  24 sheep
  A hound zombie (D:9)
  A hound skeleton (D:6)
  A worker ant zombie (D:11)
  Robin (D:3)
  7 gnolls (D:6)
  A howler monkey skeleton (D:8)
  3 adders
  60 river rats
  A shadow imp (D:5)
  2 oozes (Lair:6)
  An adder zombie (D:9)
  An adder skeleton (D:5)
  A worm (D:5)
  5 giant geckos
  42 orcs
  2 giant cockroaches
  9 goblins
  3 hobgoblins
  10 jackals
  5 quokkas
  A ball python (D:2)
  A bat (D:3)
  A giant newt (D:1)
  A jackal skeleton (D:8)
  2 kobolds (D:4)
  A rat (D:2)
  A butterfly (Lair:7)
  A fungus (Lair:2)
671 creatures vanquished.

Vanquished Creatures (collateral kills)
  An orc warlord (Orc:2)
  2 death yaks
  A manticore (Volcano)
  A komodo dragon (Volcano)
  A polar bear (Lair:5)
  An orc priest (Orc:2)
  An orc (Orc:2)
8 creatures vanquished.

Vanquished Creatures (others)
  A hydra (Lair:4)
  A death yak (Lair:6)
  2 yaks (IceCv)
  A bush (Lair:6)
  8 fungi
  7 plants
20 creatures vanquished.

Grand Total: 699 creatures vanquished

Notes
Turn   | Place    | Note
--------------------------------------------------------------
     0 | D:1      | 4thArraOfDagon the Ogre Berserker began the quest for the Orb.
     0 | D:1      | Reached XP level 1. HP: 24/24 MP: 1/1
     3 | D:1      | Noticed an electric eel
     3 | D:1      | Noticed an electric eel
   141 | D:4      | Found a staircase to the Ecumenical Temple.
   141 | D:4      | Noticed a worker ant
   147 | D:4      | Killed a worker ant
   147 | D:4      | Reached XP level 2. HP: 33/33 MP: 2/2
   147 | D:4      | Reached XP level 3. HP: 40/40 MP: 3/3
   186 | D:4      | Reached skill level 5 in Maces & Flails
   193 | D:4      | Found Ihafur's Antique Weapon Emporium.
   249 | D:4      | Noticed an ogre
   255 | D:4      | Killed an ogre
   255 | D:4      | Reached skill level 5 in Fighting
   255 | D:4      | Reached skill level 6 in Maces & Flails
   255 | D:4      | Reached XP level 4. HP: 45/50 MP: 4/4
   255 | D:4      | Reached XP level 5. HP: 51/57 MP: 5/5
   303 | D:3      | Found a shadowy altar of Dithmenos.
   303 | D:3      | Noticed Robin
   303 | D:3      | Noticed Sigmund
   362 | D:5      | Entered Level 5 of the Dungeon
   474 | D:6      | Found an iron altar of Okawaru.
   508 | D:7      | Noticed an orc warrior
   577 | D:6      | Reached XP level 6. HP: 60/66 MP: 6/6
   621 | D:6      | Reached skill level 7 in Maces & Flails
   622 | D:6      | Noticed a sky beast
   661 | D:5      | Reached skill level 16 in Maces & Flails
   661 | D:5      | Reached XP level 7. HP: 45/72 MP: 7/7
   802 | D:4      | Found a shattered altar of Ashenzari.
   835 | D:4      | Reached ** piety under Trog
  1003 | D:5      | Reached XP level 8. HP: 83/83 MP: 8/8
  1247 | D:4      | Killed Sigmund
  1247 | D:4      | Reached skill level 17 in Maces & Flails
  1298 | D:3      | Killed Robin
  1560 | D:7      | Reached *** piety under Trog
  1600 | D:6      | Gained mutation: You are clumsy. (Dex -2) [mutagenic meat]
  1601 | D:6      | Gained mutation: Your body sometimes deteriorates upon taking damage. [mutagenic meat]
  1602 | D:6      | Gained mutation: You are partially covered in icy blue scales (AC +1). [mutagenic meat]
  1603 | D:6      | Gained mutation: Your body often deteriorates upon taking damage. [mutagenic meat]
  1838 | D:8      | Noticed Grum
  1843 | D:8      | Noticed Joseph
  1855 | D:9      | Killed Joseph
  1855 | D:9      | Reached XP level 9. HP: 88/93 MP: 9/9
  1973 | D:8      | Found a shimmering altar of Xom.
  1974 | D:8      | Reached skill level 1 in Armour
  2136 | D:8      | Gained mutation: Your mind is acute. (Int +2) [mutagenic meat]
  2137 | D:8      | Gained mutation: You expend magic power (3 MP) to strengthen your wands. [mutagenic meat]
  2138 | D:8      | Gained mutation: Armour fits poorly on your strangely shaped body. [mutagenic meat]
  2139 | D:8      | Gained mutation: You are weak. (Str -2) [mutagenic meat]
  2140 | D:8      | Gained mutation: You possess an exceptional clarity of mind. [mutagenic meat]
  2142 | D:8      | Lost mutation: You are clumsy. (Dex -2) [potion of mutation]
  2142 | D:8      | Lost mutation: Your mind is acute. (Int +2) [potion of mutation]
  2407 | D:9      | Noticed a deep elf mage
  2411 | D:9      | Killed a deep elf mage
  2467 | D:10     | Entered Level 10 of the Dungeon
  2467 | D:10     | Noticed a hill giant
  2507 | D:9      | Noticed Maurice
  2511 | D:8      | Noticed a two-headed ogre
  2515 | D:8      | Reached skill level 18 in Maces & Flails
  2521 | D:8      | Killed a two-headed ogre
  2521 | D:8      | Reached XP level 10. HP: 100/100 MP: 10/10
  2653 | D:8      | Reached **** piety under Trog
  2801 | D:9      | Found a glowing silver altar of Zin.
  2917 | D:9      | Found an oddly glowing altar of Pakellas.
  2957 | D:11     | Found a staircase to the Orcish Mines.
  2957 | D:11     | Noticed a centaur warrior
  2963 | D:11     | Killed a centaur warrior
  3121 | D:11     | Noticed a cyclops
  3144 | D:11     | Killed a cyclops
  3176 | D:11     | Noticed a green ugly thing
  3202 | D:11     | Killed a green ugly thing
  3279 | D:11     | Reached skill level 19 in Maces & Flails
  3293 | Orc:1    | Entered Level 1 of the Orcish Mines
  3436 | Orc:1    | Reached XP level 11. HP: 73/107 MP: 11/11
  3462 | Orc:1    | Found Hawuph's Weapon Emporium.
  3520 | Orc:1    | Found a roughly hewn altar of Beogh.
  3564 | Orc:1    | Noticed an orc sorcerer
  3579 | Orc:1    | Killed an orc sorcerer
  3706 | Orc:1    | Noticed an orc sorcerer
  3732 | Orc:1    | Killed an orc sorcerer
  3858 | Orc:1    | Reached skill level 5 in Armour
  3914 | Orc:2    | Entered Level 2 of the Orcish Mines
  3956 | Orc:2    | Found a staircase to the Elven Halls.
  3993 | Orc:2    | Reached ***** piety under Trog
  4100 | Orc:2    | Noticed an orc sorcerer
  4349 | Orc:2    | Noticed an orc warlord
  4380 | Orc:2    | HP: 1/107 [orc warrior/war axe[an orc warlord] (17)]
  4428 | Orc:2    | Noticed a lindwurm
  4429 | Orc:2    | Found a dark tunnel.
  4433 | Orc:2    | Killed a lindwurm
  4433 | Orc:2    | Reached skill level 20 in Maces & Flails
  4441 | Volcano  | Entered a volcano
  4573 | Volcano  | Noticed a manticore
  4575 | Volcano  | Killed a manticore
  4598 | Volcano  | Found a bloodstained altar of Trog.
  4628 | Volcano  | Found a bloodstained altar of Trog.
  4731 | Orc:2    | Noticed an orc knight
  4754 | Orc:2    | Killed an orc knight
  4932 | Orc:2    | Killed an orc warlord
  4932 | Orc:2    | Reached XP level 12. HP: 116/116 MP: 12/12
  4975 | Orc:2    | Noticed Urug
  4986 | Orc:2    | Noticed an orc high priest
  5026 | Orc:2    | Killed an orc high priest
  5050 | Orc:2    | Noticed an orc warlord
  5133 | Orc:2    | Killed an orc warlord
  5133 | Orc:2    | Reached skill level 21 in Maces & Flails
  5236 | Orc:2    | Killed Urug
  5350 | Orc:2    | Found a roughly hewn altar of Beogh.
  5351 | Orc:2    | Noticed Nergalle
  5401 | Orc:2    | Killed Nergalle
  5548 | Orc:2    | Found Vaiminot's Jewellery Shoppe.
  5614 | Orc:2    | Found Kuraprig's Antique Weapon Shoppe.
  5631 | Orc:2    | Found Ixixa's Antique Armour Shoppe.
  5638 | Orc:2    | :(
  5638 | Orc:2    | RIP
  5646 | Orc:2    | Found Cesant's General Store.
  5654 | Orc:2    | Bought a potion of heal wounds for 70 gold pieces
  5654 | Orc:2    | Bought a potion of resistance for 140 gold pieces
  5654 | Orc:2    | Bought a scroll of enchant armour for 105 gold pieces
  5671 | Orc:2    | Bought a silken robe for 188 gold pieces
  5681 | Orc:2    | Identified the +1 robe of Fedum {-Tele +Inv rPois} (You bought it in a shop on level 2 of the Orcish Mines)
  5681 | Orc:2    | :IRP
  5698 | Orc:2    | Bought an uncursed ring of resist corrosion for 240 gold pieces
  5972 | D:11     | Found a staircase to the Lair.
  6038 | D:10     | HP: 6/121 [gargoyle/stone arrow (12)]
  6477 | D:12     | Found a frozen archway.
  6486 | IceCv    | Entered an ice cave
  6751 | IceCv    | Reached XP level 13. HP: 131/131 MP: 13/13
  6833 | IceCv    | Reached skill level 22 in Maces & Flails
  6978 | IceCv    | Reached skill level 10 in Fighting
  7100 | IceCv    | Reached skill level 1 in Evocations
  7208 | IceCv    | HP: 5/131 [wolf (9)]
  7324 | IceCv    | Noticed a frost giant
  7568 | IceCv    | Lost mutation: Your body often deteriorates upon taking damage. [helix card]
  7573 | IceCv    | Hired Uptumyur the naga for 170 gold.
  7791 | IceCv    | Got a crystal scimitar {freeze}
  7842 | IceCv    | Killed a frost giant
  7877 | IceCv    | WWO
  7886 | IceCv    | WOW
  7965 | D:13     | Found a labyrinth entrance.
  7978 | Lab      | Entered a labyrinth
  8032 | Lab      | Turgon: Bad treasure in volcano and ice cave - now let's have a look what's here!
  8072 | Lab      | Turgon: +12 GSC of speed
  8449 | Lab      | Noticed a minotaur
  8464 | Lab      | Killed a minotaur
  8474 | Lab      | Got a twisted cloak
  8474 | Lab      | Got a shimmering brass ring
  8478 | Lab      | Identified the ring of the Will of the Gods {rPois rC+ MR+ Str+5} (You found it in a labyrinth)
  8479 | Lab      | APPROVED
  8484 | Lab      | Identified the +2 cloak of Supple Strength {*Contam rElec rC+ Regen+} (You found it in a labyrinth)
  8484 | Lab      | Identified the +3 scimitar "Basyoj" {freeze, rPois rF- MR+++ MP-9} (You took it off a naga mage in an ice cave)
  8738 | D:14     | Noticed a fire dragon
  8760 | D:14     | Killed a fire dragon
  8955 | D:13     | Reached XP level 14. HP: 121/144 MP: 16/16
  9066 | D:13     | Noticed Azrael
  9076 | D:13     | Killed Azrael
  9090 | D:13     | Found a gate to the Vaults.
  9334 | Lair:1   | Entered Level 1 of the Lair of Beasts
  9339 | Lair:1   | Reached skill level 23 in Maces & Flails
  9959 | Lair:3   | Reached skill level 5 in Dodging
 10354 | Lair:5   | Received a gift from Trog
 10437 | Lair:4   | Lost mutation: You are partially covered in icy blue scales (AC +1). [helix card]
 10585 | Lair:4   | Noticed Snorg
 10699 | Lair:6   | Drew Focus: Str increased to 30, Int decreased to 5
 10702 | Lair:6   | Lost mutation: Armour fits poorly on your strangely shaped body. [helix card]
 10737 | Lair:6   | Reached XP level 15. HP: 155/158 MP: 18/18
 10830 | Lair:6   | Reached skill level 24 in Maces & Flails
 11013 | Lair:6   | Found a staircase to the Slime Pits.
 11376 | Lair:8   | Entered Level 8 of the Lair of Beasts
 11473 | Lair:8   | Reached skill level 10 in Armour
 11724 | Lair:8   | Reached ****** piety under Trog
 11785 | Lair:8   | Received a gift from Trog
 11828 | Lair:8   | Reached skill level 25 in Maces & Flails
 11841 | Lair:8   | Got a shimmering giant club
 11842 | Lair:8   | Identified the +5 giant club of Weasic {crush, Int+4} (You found it on level 8 of the Lair of Beasts)
 12257 | Lair:6   | Reached XP level 16. HP: 155/167 MP: 19/19
 12471 | Lair:4   | Killed Snorg
 12625 | Lair:3   | Received a gift from Trog
 12754 | Lair:5   | Found a hole to the Spider Nest.
 12760 | Lair:5   | Received a gift from Trog
 12861 | Spider:1 | Entered Level 1 of the Spider Nest
 13085 | Spider:3 | Noticed Arachne
 13110 | Spider:2 | HP: 11/250 [poisoned by a ghost moth]
 13114 | Spider:2 | HP: 2/167 [poisoned by a ghost moth]
 13115 | Spider:2 | Succumbed to a ghost moth's poison

Vault maps used:
D:1:      arrival_aquarium_b
D:2:      grunt_temple_overflow_opulence, cheibriados_altar_1,
          ecumenical_altar_2, uniq_jessica
D:3:      grunt_dithmenos_smoke, first_bread, uniq_sigmund, uniq_robin
D:4:      kennysheep_goblin_castle, ashenzari_conservatory_becter,
          minmay_temple_entry_grid, serial_shops, shop_fountains
D:5:      tso_altar, kennysheep_generic_room_7
D:6:      okawaru_trees_2, lightli_temple_of_fire, basic_altar,
          uniq_prince_ribbit1
D:7:      nemelex_spade_bored_becter
D:8:      basic_altar, uniq_joseph, uniq_grum
D:9:      kennysheep_ying_yang, old_standard_altar, lemuel_crystal_altar,
          gammafunk_temple_overflow_wave, uniq_maurice
D:10:     boulder_corridor_run, basic_altar, david_nohive_1,
          serial_bayou_lagoon_b
D:11:     minmay_lair_entry_lava, orc_0_dummy, special_room
D:12:     portal_ice_cave_entry_pillars_02
D:13:     david_vaults_2, lab_entry_generic, serial_shops, shop, uniq_azrael
D:14:     serial_shops, nicolae_shop_behind_doors, serial_park_gazebo,
          st_stairs_8
Lair:1:   grunt_megastairs_4, lemuel_fruit_tree
Lair:2:   grunt_megastairs_5
Lair:3:   hangedman_lair_generics_rect
Lair:4:   infiniplex_staircase_pool, serial_bayou_shore_b, grunt_megastairs_3,
          lemuel_fruit_fields, uniq_snorg
Lair:5:   nicolae_spider_entry_tight_spaces
Lair:6:   beast_lair_carwin_large_4, shoals_dummy_entry,
          minmay_slime_entry_jelly_boxes, st_stairs_5,
          infiniplex_staircase_pool_2, serial_bayou_shore_a, uniq_nessos
Lair:7:   dpeg_oklob_1, serial_bayou_shore_b, lemuel_fruit_fields,
          lemuel_fruit_fields
Lair:8:   grunt_lair_end_beastmaster, st_stairs_9, lookout_lair_type
Spider:2: nicolae_spider_mines_3, nicolae_looking_at_the_future, uniq_roxanne
Spider:3: uniq_arachne
Orc:1:    basic_altar, serial_shops, nicolae_shop_window_shopping
Orc:2:    grunt_orc_cross, nicolae_volcano_entry_vermiform, mines5_lemuel
Lab:      nicolae_lab_big_swirl, nicolae_lab_x, nicolae_lab_checkerboard,
          labyrinth_skeletal_remains
IceCv:    ice_cave_caverns_02
Volcano:  volcano_grotto

Skill      XL: |  1  2  3  4  5  6  7  8  9 10 11 12 13 14 15 16 |
---------------+-------------------------------------------------+-----
Dodging        | 3 4 6 |  6.2
Maces & Flails | 6 16 17 18 19 20 21 22 23 25 | 25.7
Fighting       | 5 6 7 9 11 12 | 12.9
Armour         | 2 4 6 7 8 9 10 11 | 11.0
Evocations     | 3 4 |  4.0

Action                   |  1- 3 |  4- 6 |  7- 9 | 10-12 | 13-15 | 16-18 || total
-------------------------+-------+-------+-------+-------+-------+-------++-------
Melee: Mace              |    20 |       |       |       |       |       ||    20
       Giant spiked club |       |    33 |   223 |       |       |       ||   256
       Whip              |       |    12 |       |       |       |       ||    12
       Morningstar       |       |       |    21 |     3 |       |       ||    24
       Giant club        |       |       |       |   217 |    93 |   147 ||   457
       Dire flail        |       |       |       |   408 |  1110 |       ||  1518
Throw: Large rock        |       |       |       |     2 |     2 |       ||     4
Invok: Berserk           |     3 |     3 |    13 |    31 |    32 |     5 ||    87
       Trog's Hand       |       |       |     5 |    40 |    20 |     2 ||    67
       Brothers in Arms  |       |       |       |     3 |       |       ||     3
Evoke: Wand              |       |       |     2 |     9 |     8 |       ||    19
       Deck              |       |       |       |       |     8 |       ||     8
       Fan of gales      |       |       |       |       |     1 |       ||     1
  Use: Scroll            |       |     3 |    12 |     2 |    11 |     3 ||    31
       Potion            |       |     1 |     1 |     5 |     7 |       ||    14
 Stab: Sleeping          |       |       |       |     1 |       |       ||     1
       Petrified         |       |       |       |       |     3 |       ||     3
       Petrifying        |       |       |       |       |     1 |       ||     1
  Eat: Chunk             |       |     6 |    24 |    49 |    51 |     5 ||   135
       Pizza             |       |       |     3 |       |       |       ||     3
       Fruit             |       |       |       |     4 |       |       ||     4
       Beef jerky        |       |       |       |     2 |     2 |     1 ||     5
       Royal jelly       |       |       |       |     1 |       |       ||     1
       Meat ration       |       |       |       |       |     1 |       ||     1
